 Dungeon Crawl Stone Soup version 0.19.1 (webtiles) character file.

1690 Ijustatesigmund the Cleaver (level 8, 0/109 (111) HPs)
             Began as a Minotaur Monk on Nov 25, 2016.
             Was a Believer of Ashenzari.
             Slain by an ogre
             ... wielding a +0 giant club
              (13 damage)
             ... on level 5 of the Dungeon.
             The game lasted 00:13:48 (5271 turns).

Ijustatesigmund the Cleaver (Minotaur Monk)         Turns: 5271, Time: 00:13:48

HP:   0/109 (111)   AC: 10    Str: 18    XL:     8   Next: 72%
MP:   7/7           EV: 12    Int: 12    God:    Ashenzari [**....]
Gold: 195           SH:  0    Dex: 14    Spells: 0 memorised, 7 levels left

rFire  + . .     SeeInvis .     a - +1 hand axe
rCold  + . .     Gourm    .     m - +1 ring mail
rNeg   . . .     Faith    .     (no shield)
rPois  +         Spirit   .     (helmet restricted)
rElec  +         Reflect  .     u - +0 cloak (curse)
rCorr  +         Harm     .     (no gloves)
MR     .....                    (no boots)
Stlth  ..........               s - amulet of rage (curse)
                                (no ring)
                                f - -2 ring of strength (curse)

@: brilliant, berserking, resistant, very quick
A: retaliatory headbutt, claws 1, horns 2, icy blue scales 1, clumsy 1
a: Curse Item, Scrying, Renounce Religion, Evoke Berserk Rage


You were on level 5 of the Dungeon.
You worshipped Ashenzari.
Ashenzari was pleased with you.
You were hungry.

You visited 1 branch of the dungeon, and saw 6 of its levels.

You collected 195 gold pieces.

Inventory:

Hand Weapons
 a - a +1 hand axe (weapon)
 r - a +1 flail of protection
Armour
 m - a +1 ring mail (worn)
 u - a cursed +0 cloak (worn)
Jewellery
 f - a cursed -2 ring of strength (left claw)
 o - an uncursed ring of fire
 p - an uncursed amulet of the gourmand
 s - a cursed amulet of rage (around neck)
Wands
 l - a wand of hasting (2/9)
Scrolls
 b - 2 scrolls of remove curse
 g - 3 scrolls of identify
 j - 2 scrolls of enchant armour
Potions
 d - a potion of magic
 e - a potion of curing
 i - 2 potions of flight
Comestibles
 c - 9 bread rations


   Skills:
 + Level 8.0 Fighting
 + Level 8.9 Axes
 + Level 6.9 Armour
 - Level 3.2 Dodging
 - Level 3.0 Stealth


You had 7 spell levels left.
You didn't know any spells.

Dungeon Overview and Level Annotations

Branches:
Dungeon (6/15)             Temple (0/1) D:5

Altars:
Ashenzari
Fedhas
Hepliaklqana
Makhleb
Okawaru
Qazlal
Zin

Annotations:
D:3 Trampli's ghost, novice NaTm
D:4 Azzok's ghost, novice GrFi
D:5 Menkaure


Innate Abilities, Weirdness & Mutations

You reflexively headbutt those who attack you in melee.
You have a pair of horns on your head.
You have sharp fingernails.
You are partially covered in icy blue scales. (AC +2)
You are clumsy. (Dex -2)


Message History

The ogre barely misses you. Menkaure hits you!!
* * * LOW HITPOINT WARNING * * *
The ogre closely misses you.
There is a stone staircase leading down here.
The jackal closely misses you. You furiously retaliate!
You headbutt the jackal!
You kill the jackal!
Menkaure barely misses you.
You climb downwards.
There is a stone staircase leading up here.
Menkaure casts a spell at you. Pain shoots through your body!
* * * LOW HITPOINT WARNING * * *
Menkaure draws the symbol "Udjat" in the dust.
A red film seems to cover your vision as you go berserk!
You feel yourself moving faster!
You feel mighty!
You are feeling hungry.
Menkaure gestures wildly while chanting.
The ogre hits you with a giant club!
You die...

#...........# #.#########.#
#.# #.# #.# #.########
#(#########>..[....##
#....................
#..###############.##
#.<###############.##
#.MO@......).........
#######..########(######.##
#........# #.# #....
##.#####.# #.# #....
#.......# #.# #....
######### #.# #.... #.#
#.... #.# #.(..
##+######'##


You could see an ogre and Menkaure.

Vanquished Creatures
  Sigmund (D:4)
  Eustachio (D:6)
  A sky beast (D:6)
  4 necrophages (D:6)
  2 ogres
  A bullfrog (D:6)
  A wyvern zombie (D:6)
  A centaur zombie (D:6)
  3 crimson imps
  2 bullfrog zombies
  A hound (D:4)
  3 orc priests
  Ijyb (D:2)
  2 iguanas
  2 worker ants
  A worker ant zombie (D:6)
  8 adders
  2 shadow imps (D:6)
  An ooze (D:3)
  An adder zombie (D:6)
  3 worms (D:2)
  3 dart slugs
  4 leopard geckos
  16 orcs
  3 giant cockroaches
  4 goblins
  A hobgoblin (D:2)
  13 jackals
  3 quokkas
  5 bats
  3 frilled lizards
  5 kobolds
  A leopard gecko skeleton (D:6)
  8 rats
111 creatures vanquished.

Vanquished Creatures (others)
  A jelly (D:6)
  4 bushes (D:6)
  11 plants (D:6)
16 creatures vanquished.

Grand Total: 127 creatures vanquished

Notes
Turn   | Place    | Note
-------+----------+-------------------------------------------
     0 | D:1      | Ijustatesigmund the Minotaur Monk began the quest for the Orb.
     0 | D:1      | Reached XP level 1. HP: 19/19 MP: 0/0
   144 | D:1      | Reached XP level 2. HP: 17/26 MP: 1/1
   763 | D:1      | Reached XP level 3. HP: 28/31 MP: 2/2
  1260 | D:2      | Found a shattered altar of Ashenzari.
  1263 | D:2      | Noticed Ijyb
  1277 | D:2      | Killed Ijyb
  1277 | D:2      | Reached skill level 5 in Axes
  1277 | D:2      | Reached XP level 4. HP: 13/39 MP: 3/3
  1504 | D:2      | Became a worshipper of Ashenzari the Shackled
  1504 | D:2      | Reached * piety under Ashenzari
  1504 | D:2      | Reached ** piety under Ashenzari
  1655 | D:2      | Found an iron altar of Okawaru.
  1656 | D:2      | Found a burning altar of Makhleb.
  1823 | D:2      | Found a hazy altar of Hepliaklqana.
  2072 | D:3      | Noticed Trampli's ghost (novice NaTm)
  2099 | D:3      | Noticed a hungry ghost
  2255 | D:3      | Reached skill level 1 in Armour
  2387 | D:4      | Noticed an ogre
  2401 | D:4      | Killed an ogre
  2401 | D:4      | Reached XP level 5. HP: 12/46 MP: 4/4
  2652 | D:4      | Noticed Sigmund
  2660 | D:4      | Killed Sigmund
  2660 | D:4      | Reached skill level 5 in Fighting
  2660 | D:4      | Reached XP level 6. HP: 38/56 MP: 5/5
  2853 | D:4      | Noticed Azzok's ghost (novice GrFi)
  2855 | D:4      | Reached XP level 7. HP: 60/61 MP: 6/6
  2875 | D:5      | Entered Level 5 of the Dungeon
  3386 | D:5      | Found a staircase to the Ecumenical Temple.
  3655 | D:5      | Found a glowing silver altar of Zin.
  3993 | D:6      | Found a blossoming altar of Fedhas.
  4068 | D:6      | Reached skill level 5 in Armour
  4264 | D:6      | Got the uncursed chain mail of Winter {*Slow MR+ Str+2 Stlth+}
  4333 | D:6      | Reached XP level 8. HP: 30/71 MP: 7/7
  4546 | D:6      | Noticed Eustachio
  4562 | D:6      | Killed Eustachio
  5022 | D:6      | Found a stormy altar of Qazlal.
  5250 | D:4      | Noticed Menkaure
  5261 | D:4      | Gained mutation: You are clumsy. (Dex -2) [potion of mutation]
  5261 | D:4      | Gained mutation: You are partially covered in icy blue scales. (AC +2) [potion of mutation]
  5261 | D:4      | Gained mutation: You have sharp fingernails. [potion of mutation]
  5271 | D:5      | Slain by an ogre

Skill      XL: |  1  2  3  4  5  6  7  8 |
---------------+-------------------------+-----
Axes           | 4 5 6 7 8 |  8.9
Stealth        | 2 3 |  3.0
Armour         | 2 3 5 6 |  6.9
Fighting       | 4 5 6 8 |  8.0
Dodging        | |  3.2

Action                   |  1- 3 |  4- 6 |  7- 9 || total
-------------------------+-------+-------+-------++-------
Melee: Hand axe          |    86 |    98 |   184 ||   368
       Headbutt          |    17 |    10 |    31 ||    58
Invok: Curse Item        |       |       |     2 ||     2
       Scrying           |       |       |     1 ||     1
 Abil: Evoke Berserk Rag |       |       |     2 ||     2
  Use: Scroll            |     2 |     6 |     2 ||    10
       Potion            |       |     3 |     4 ||     7
 Stab: Sleeping          |     5 |     5 |     1 ||    11
  Eat: Chunk             |     1 |     4 |     5 ||    10
       Beef jerky        |       |     1 |     1 ||     2
       Pizza             |       |       |     1 ||     1
Armor: Robe              |    16 |       |       ||    16
       Ring mail         |       |    24 |    68 ||    92
Dodge: Dodged            |    69 |    54 |   101 ||   224
